 Dungeon Crawl Stone Soup version 0.30-a0-739-gea05faddec (webtiles) character file.

Game seed: 181250529237236214

38796 Conn the Eclecticist (level 13, -3/65 HPs)
             Began as a Deep Elf Fire Elementalist on Feb 4, 2023.
             Was a High Priest of Sif Muna.
             Slain by Rupert
             ... wielding a +3 great mace of protection
              (36 damage)
             ... on level 3 of the Lair of Beasts.
             The game lasted 01:06:57 (18985 turns).

Conn the Eclecticist (Deep Elf Fire Elementalist)  Turns: 18985, Time: 01:06:58

Health: -3/65      AC: 11    Str:  5    XL:     13   Next: 65%
Magic:  12/34      EV: 16    Int: 38    God:    Sif Muna [*****.]
Gold:   670        SH:  0    Dex: 15    Spells: 4/42 levels left

rFire   + + .      SeeInvis .    Y - +5 glaive of the Guard {elec, spectral, AC+5}
rCold   + + .      Faith    .    (shield currently unavailable)
rNeg    . . .      Spirit   .    y - +2 robe {rC+ rF+}
rPois   +          Reflect  .    (no helmet)
rElec   .          Harm     .    s - scarf {rC+ rF+}
rCorr   .          Rampage  .    (no gloves)
Will    +....                    (no boots)
Stlth   +++                      t - amulet of the acrobat
HPRegen 0.30/turn                f - +6 ring of intelligence
MPRegen 0.24/turn                j - +6 ring of intelligence

@: studying Ranged Weapons
A: iridescent scales 1, poison resistance, screaming 1, MP-powered wands
a: Renounce Religion, Channel Magic, Forget Spell, Divine Exegesis


You were on level 3 of the Lair of Beasts.
You worshipped Sif Muna.
Sif Muna was extremely pleased with you.
You visited 3 branches of the dungeon, and saw 16 of its levels.
You also visited: Ossuary and Ice Cave.

You collected 1223 gold pieces.
You spent 553 gold pieces at shops.

Inventory:

Hand Weapons
 B - a +5 short sword of freezing
 C - the +0 hand axe of Defiance {flame, rF++ Str+3}
   (You found it on level 6 of the Dungeon)

   Str:       It affects your strength (+3).
   rF:        It greatly protects you from fire.
 P - the +7 staff of the Meek {protect, meekguard}
   (You found it on level 8 of the Dungeon)
 Y - the +5 glaive of the Guard (weapon) {elec, spectral, AC+5}
   (You found it on level 10 of the Dungeon)

   AC:        It affects your AC (+5).
 Z - a +4 shortbow of flaming
Missiles
 l - 8 datura-tipped darts
Armour
 a - the +1 chain mail "Fah Qym" {Int+4 Slay+2}
   (You bought it in a shop on level 6 of the Dungeon)

   Int:       It affects your intelligence (+4).
   Slay:      It affects your accuracy & damage with ranged weapons and melee
   (+2).
 q - a +1 ring mail of cold resistance
 s - a scarf of resistance (worn)
 y - a +2 robe of resistance (worn)
 Q - a +2 leather armour of poison resistance
Magical Staves
 o - a staff of air
 U - a staff of cold
 X - a staff of fire
Jewellery
 d - a +4 ring of protection
 f - a +6 ring of intelligence (left hand)
 g - a ring of poison resistance
 j - a +6 ring of intelligence (right hand)
 t - an amulet of the acrobat (around neck)
 D - a ring of resist corrosion
 I - a ring of flight
 K - a ring of willpower
 R - a ring of ice
 T - a ring of ice
 V - a ring of see invisible
Wands
 w - a wand of paralysis (12)
 G - a wand of flame (52)
 J - a wand of iceblast (20)
 M - a wand of acid (10)
Scrolls
 c - 5 scrolls of identify
 e - 4 scrolls of teleportation
 m - 4 scrolls of poison
 p - 3 scrolls of fear
 r - 5 scrolls of fog
 x - a scroll of torment
 L - 4 scrolls of blinking
 N - a scroll of immolation
 O - a scroll of vulnerability
Potions
 b - a potion of magic
 h - 7 potions of haste
 i - 9 potions of lignification
 k - 2 potions of attraction
 n - 5 potions of curing
 u - 2 potions of heal wounds
 v - a potion of might
 z - 4 potions of brilliance
 A - 3 potions of resistance
 E - 4 potions of mutation
 F - a potion of ambrosia
 H - a potion of flight
Miscellaneous
 S - a phial of floods (inert)


   Skills:
 + Level 1.4 Fighting
 + Level 2.0 Short Blades
 + Level 0.3(0.8) Axes
 + Level 1.0 Polearms
 + Level 1.3 Armour
 + Level 8.4 Dodging
 + Level 4.8 Stealth
 + Level 15.2 Spellcasting
 + Level 8.3 Conjurations
 + Level 3.0 Hexes
 * Level 6.9 Summonings
 * Level 6.6 Necromancy
 * Level 8.7 Translocations
 + Level 12.2 Fire Magic
 * Level 6.8 Ice Magic
 + Level 0.9 Air Magic
 + Level 0.7 Poison Magic
 * Level 4.2 Invocations


You had 4 spell levels left.
You knew the following spells:

 Your Spells              Type           Power      Damage    Failure   Level
a - Foxfire               Conj/Fire      100%       2x1d9     1%          1
b - Call Canine Familiar  Summ           69%        N/A       1%          3
c - Inner Flame           Hex/Fire       72%        N/A       1%          3
d - Flame Wave            Conj/Fire      82%        2d18      1%          4
e - Scorch                Fire           100%       2d10      0%          2
f - Fireball              Conj/Fire      41%        3d17      1%          5
g - Blink                 Tloc           100%       N/A       1%          2
h - Hailstorm             Conj/Ice       72%        3d15      1%          3
i - Mephitic Cloud        Conj/Pois/Air  52%        N/A       1%          3
j - Dispersal             Tloc           38%        N/A       4%          6
k - Simulacrum            Ice/Necr       34%        N/A       12%         6

Your spell library contained the following spells:

 Spells                   Type           Power      Damage    Failure   Level
 Kiss of Death            Conj/Necr      100%       2d13      1%          1
 Cigotuvi's Dreadful Rot  Necr/Pois/Air  98%        N/A       1%          2
 Ensorcelled Hibernation  Hex/Ice        100%       N/A       1%          2
 Lesser Beckoning         Tloc           100%       N/A       1%          2
 Momentum Strike          Conj/Tloc      100%       3d10      1%          2
 Poisonous Vapours        Pois/Air       70%        N/A       1%          2
 Frozen Ramparts          Ice            100%       1d16      1%          3
 Gell's Gravitas          Tloc           76%        N/A       1%          3
 Ignite Poison            Fire/Tmut/Pois 57%        N/A       1%          3
 Kindle Blastsparks       Fire/Tloc/Air  100%       2d18      1%          3
 Portal Projectile        Hex/Tloc       100%       N/A       1%          3
 Teleport Other           Tloc           76%        N/A       1%          3
 Dispel Undead            Necr           68%        3d23      1%          4
 Summon Ice Beast         Ice/Summ       69%        N/A       1%          4
 Ice Form                 Ice/Tmut       53%        N/A       3%          4
 Leda's Liquefaction      Hex/Erth       20%        N/A       6%          4
 Agony                    Necr           68%        N/A       2%          5
 Starburst                Conj/Fire      41%        6d12      2%          6
 Freezing Cloud           Conj/Ice/Air   31%        6-21      3%          5
 Summon Mana Viper        Hex/Summ       61%        N/A       4%          5
 Death Channel            Necr           34%        N/A       12%         6
 Monstrous Menagerie      Summ           34%        N/A       52%         7


Dungeon Overview and Level Annotations

Branches:
Dungeon (12/15)            Temple (1/1) D:7            Lair (3/5) D:10
 Shoals (0/4) Lair:2      Ossuary (visited)           IceCv (visited)
  Snake: Lair:2-3    Spider: Lair:2-3       Orc: D:9-12

Altars:
Ashenzari
Cheibriados
Fedhas
Gozag
Hepliaklqana
Makhleb
Nemelex Xobeh
Qazlal
Sif Muna
Trog
Uskayaw
Vehumet
Wu Jian
Xom
Yredelemnul
The Shining One
Jiyva

Shops:
D:6 *!:[(   D:8 (

Annotations:
Lair:3 Rupert


Innate Abilities, Weirdness & Mutations

You are partially covered in iridescent scales. (AC +2)
Your system is resistant to poisons. (rPois)
You occasionally shout uncontrollably at your foes.
You expend magic power (3 MP) to strengthen your wands.


Message History

Casting: Scorch (safe; 0% risk of failure)
Confirm with . or Enter, or press ? or * to list all spells.
Flames lash Rupert but do no damage.
A nearby fungus withers and dies.
Casting: Scorch (safe; 0% risk of failure)
Confirm with . or Enter, or press ? or * to list all spells.
Aiming: Mephitic Cloud (safe; 1% risk of failure)
Press: ? - help, Shift-Dir - straight line, f - Rupert
Aim: Rupert, wielding a +3 great mace of protection, wearing a +0 plate armour and quivering stones (moderately wounded, more vulnerable to fire, chance to affect: 24%)
The ball explodes into a vile cloud!
The stinking cloud engulfs Rupert but does no damage.
Rupert is moderately wounded.
Rupert is engulfed in noxious fumes.
A komodo dragon comes into view.
Casting: Mephitic Cloud (safe; 1% risk of failure)
Confirm with . or Enter, or press ? or * to list all spells.
Flames lash Rupert.
Rupert is burned terribly!
Rupert is heavily wounded.
Rupert is engulfed in blazing flames.
Rupert completely misses you.
Casting: Scorch (safe; 0% risk of failure)
Confirm with . or Enter, or press ? or * to list all spells.
Flames lash Rupert.
Rupert is burned terribly!
Rupert is heavily wounded.
Rupert roars madly and goes into a rage!
Rupert goes berserk!
Casting: Scorch (safe; 0% risk of failure)
Confirm with . or Enter, or press ? or * to list all spells.
Casting: Flame Wave (safe; 1% risk of failure)
Press: ? - help, Dir - look around, f - activate A wave of flame ripples out!
The flame wave engulfs the fungus!!
The fungus begins to die.
The fungus is lightly damaged.
The flame wave engulfs Rupert!
Rupert is burned terribly!
Rupert is severely wounded. (Press . to intensify the flame waves.) Rupert is engulfed in blazing flames.
Rupert hits you with a +3 great mace of protection!!
The komodo dragon is engulfed in blazing flames.
Rupert hits you with a +3 great mace of protection!!!
Ouch! That really hurt!
You die...

... ... ..# #.## #☼☼#
##l§ . #°@# . ### ##
##P@#
.#####.##..###...##
...##P.<<.........##
...###.##P.####P...####.
.P.###..# ## #.........#
..(.#.[## #.###..####
.P).)..## ###.## ###
......[P# #....##
..##.#### ###..P#


You could see Rupert (berserk, combustible) and a komodo dragon.

Vanquished Creatures
  A stone giant (D:10)
  Nessos (Lair:3)
  The ghost of fly the Cleaver, a journeyman DgDe (D:11)
  3 boulder beetles
  3 centaur warriors
  3 two-headed ogres
  Amaemon (Lair:2)
  A fire crab (D:10)
  2 bog bodies (IceCv)
  A deep troll (D:10)
  A slime creature (D:11)
  Pikel (D:9)
  A deep elf archer (D:10)
  A wolf spider (D:10)
  2 deep elf pyromancers (D:9)
  5 elephants (Lair:1)
  An ice statue (IceCv)
  An orange demon (Lair:2)
  A torpor snail (Lair:1)
  4 kobold demonologists
  4 cane toads
  A rime drake (Lair:2)
  A tengu conjurer (D:9)
  An ice devil (IceCv)
  2 unseen horrors (D:11)
  An anaconda simulacrum (IceCv)
  7 komodo dragons
  4 trolls
  A meliai (D:9)
  7 blink frogs (Lair:2)
  A centaur simulacrum (D:10)
  2 shadows (D:11)
  A wyvern (D:9)
  4 wraiths
  28 yaks
  2 basilisks
  A vampire mosquito (D:9)
  2 death yak simulacra (IceCv)
  Grum (D:9)
  3 harpy simulacra (IceCv)
  A steam dragon (D:7)
  3 water moccasins
  2 acid dragons
  A hydra simulacrum (IceCv)
  A black bear (Lair:3)
  4 ice beasts
  9 orc warriors
  The ghost of LowRida the Chopper, an amateur GnRe (D:4)
  3 ogres (D:5)
  17 wolves
  11 centaurs
  4 kobold brigands
  A phantom (D:3)
  11 bullfrogs
  2 necrophages
  4 scorpions
  6 two-headed ogre simulacra (IceCv)
  12 wights
  A killer bee (D:9)
  7 elephant simulacra (IceCv)
  4 jellies
  A howler monkey (D:9)
  5 hounds
  A gnoll bouda (D:9)
  11 orc priests
  8 iguanas
  12 orc wizards
  3 polar bear simulacra
  6 troll simulacra (IceCv)
  10 spriggan simulacra (IceCv)
  A wolf simulacrum (IceCv)
  8 adders
  3 gnolls (D:9)
  4 naga simulacra (IceCv)
  8 white imps
  5 ufetubi
  5 adder zombies (Ossuary)
  3 worms
  A dart slug (D:2)
  43 orcs
  7 ball pythons
  7 endoplasms
  5 giant cockroaches
  3 goblins
  3 hobgoblins
  5 quokkas
  A ball python skeleton (Ossuary)
  5 bats
  2 frilled lizards
  A hobgoblin zombie (Ossuary)
  19 kobolds
  A kobold zombie (Ossuary)
  An orc skeleton (Ossuary)
  A quokka zombie (D:7)
  4 rats
  A rat zombie (D:7)
418 creatures vanquished.

Vanquished Creatures (collateral kills)
  A water moccasin (Lair:3)
  A foxfire (Lair:2)
2 creatures vanquished.

Vanquished Creatures (others)
  957 foxfires
  22 fungi
  32 plants
1011 creatures vanquished.

Grand Total: 1431 creatures vanquished

Notes
Turn   | Place    | Note
-------+----------+-------------------------------------------
     0 | D:1      | Conn the Deep Elf Fire Elementalist began the quest for the
                  | Orb.
     0 | D:1      | Reached XP level 1. HP: 10/10 MP: 6/6
   264 | D:1      | Reached XP level 2. HP: 15/15 MP: 4/8
   788 | D:1      | Found a faded altar of an unknown god.
  1029 | D:2      | You fall into a shaft and drop 2 floors!
  1069 | D:4      | Found a runed translucent door.
  1069 | D:4      | Noticed LowRida's ghost (amateur GnRe)
  1102 | D:4      | Reached XP level 3. HP: 19/19 MP: 5/9
  1183 | D:4      | Reached XP level 4. HP: 20/24 MP: 6/11
  1230 | D:4      | Found an ornate altar of the Wu Jian Council.
  1253 | D:4      | Reached skill level 4 in Spellcasting
  1898 | D:3      | Noticed a bullfrog
  1910 | D:3      | Killed a bullfrog
  1911 | D:3      | Reached skill level 5 in Spellcasting
  1911 | D:3      | Reached XP level 5. HP: 11/28 MP: 9/14
  1918 | D:3      | Learned a level 2 spell: Scorch
  1922 | D:3      | Learned a level 3 spell: Inner Flame
  1927 | D:3      | Learned a level 4 spell: Flame Wave
  1931 | D:3      | Learned a level 3 spell: Call Canine Familiar
  2155 | D:3      | Noticed a phantom
  2162 | D:3      | Killed a phantom
  2163 | D:3      | Reached skill level 5 in Fire Magic
  2163 | D:3      | Reached XP level 6. HP: 29/32 MP: 6/16
  3168 | D:4      | Reached skill level 1 in Short Blades
  3177 | D:4      | Reached skill level 6 in Spellcasting
  3193 | D:4      | Reached XP level 7. HP: 8/37 MP: 2/18
  3569 | D:4      | Learned a level 3 spell: Portal Projectile
  3587 | D:4      | Killed LowRida's ghost
  3690 | D:5      | Entered Level 5 of the Dungeon
  3698 | D:5      | HP: 1/37 [centaur/arrow (8)]
  3916 | D:5      | Reached skill level 1 in Summonings
  3931 | D:5      | Reached skill level 7 in Spellcasting
  4035 | D:5      | Reached XP level 8. HP: 42/42 MP: 4/20
  4598 | D:6      | Found Othreadoa's Antique Armour Emporium.
  4611 | D:6      | Reached skill level 8 in Spellcasting
  4613 | D:6      | Found Puin's Antique Weapon Emporium.
  4723 | D:6      | Found Eghousha's Book Boutique.
  4740 | D:6      | Bought a book of Spatial Translocations for 198 gold pieces
  4745 | D:6      | Learned a level 2 spell: Blink
  4847 | D:6      | Found Elaragh's General Store.
  5065 | D:6      | Reached skill level 9 in Spellcasting
  5231 | D:6      | Learned a level 3 spell: Hailstorm
  5443 | D:6      | Found Eblet's Distillery.
  5451 | D:6      | Bought a potion of heal wounds for 70 gold pieces
  5613 | D:6      | Identified the +0 hand axe of Defiance {flame, rF++ Str+3}
  5687 | D:7      | Reached skill level 1 in Ice Magic
  5806 | D:7      | Reached XP level 9. HP: 31/46 MP: 15/24
  5821 | D:7      | Found a staircase to the Ecumenical Temple.
  5850 | Temple   | Entered the Ecumenical Temple
  5858 | Temple   | Became a worshipper of Sif Muna the Loreminder
  5888 | D:7      | Reached skill level 5 in Conjurations
  5922 | D:7      | Found a sand-covered staircase.
  5929 | Ossuary  | Entered an ossuary
  6320 | Ossuary  | Reached skill level 5 in Dodging
  6389 | Ossuary  | Reached skill level 10 in Spellcasting
  6389 | Ossuary  | Reached skill level 1 in Translocations
  6668 | D:7      | Reached * piety under Sif Muna
  7044 | D:7      | Reached skill level 1 in Hexes
  7249 | D:7      | Reached skill level 1 in Fighting
  7852 | D:8      | Noticed a troll
  7857 | D:8      | Killed a troll
  8181 | D:8      | Found Vetakon's Antique Weapon Boutique.
  8370 | D:8      | Reached XP level 10. HP: 34/52 MP: 17/26
  8419 | D:8      | Reached skill level 11 in Spellcasting
  8557 | D:8      | Found the +7 staff of the Meek {protect, meekguard}
  8774 | D:9      | Reached ** piety under Sif Muna
  8776 | D:9      | Noticed Grum
  8780 | D:10     | Entered Level 10 of the Dungeon
  8941 | D:9      | Killed Grum
  9234 | D:9      | Noticed Pikel
  9244 | D:9      | Killed Pikel
  9428 | D:9      | Noticed a two-headed ogre
  9437 | D:9      | Killed a two-headed ogre
  9836 | D:9      | Noticed a two-headed ogre
  9845 | D:9      | Killed a two-headed ogre
  9846 | D:9      | Reached skill level 12 in Spellcasting
  9846 | D:9      | Reached skill level 5 in Ice Magic
 10098 | D:9      | Reached XP level 11. HP: 56/56 MP: 24/29
 10275 | D:9      | Reached *** piety under Sif Muna
 10380 | D:9      | Noticed a boulder beetle
 10497 | D:9      | Learned a level 3 spell: Mephitic Cloud
 10608 | D:9      | Noticed a deep elf pyromancer
 10621 | D:9      | Killed a deep elf pyromancer
 10622 | D:9      | Reached skill level 5 in Translocations
 10708 | D:9      | Noticed a centaur warrior
 10708 | D:9      | Noticed a deep elf pyromancer
 10713 | D:9      | Killed a deep elf pyromancer
 10717 | D:9      | Killed a centaur warrior
 10718 | D:9      | Reached skill level 10 in Fire Magic
 10747 | D:9      | Killed a boulder beetle
 11176 | D:9      | Found a blossoming altar of Fedhas.
 11178 | D:9      | Found an opulent altar of Gozag.
 11181 | D:9      | Found a glowing golden altar of the Shining One.
 11182 | D:9      | Found a hazy altar of Hepliaklqana.
 11183 | D:9      | Found a sparkling altar of Nemelex Xobeh.
 11186 | D:9      | Found a burning altar of Makhleb.
 11187 | D:9      | Found a snail-covered altar of Cheibriados.
 11580 | D:10     | Learned a level 6 spell: Dispersal
 11618 | D:10     | Found a staircase to the Lair.
 11638 | D:10     | Reached skill level 1 in Armour
 11974 | D:10     | Noticed a deep troll
 11974 | D:10     | Noticed a centaur warrior
 11975 | D:10     | Found a runed translucent door.
 11977 | D:10     | Noticed a wolf spider
 11977 | D:10     | Noticed a stone giant
 11977 | D:10     | Noticed a fire crab
 11977 | D:10     | Noticed a deep elf archer
 11977 | D:10     | Noticed a centaur warrior
 11977 | D:10     | Found the +5 glaive of the Guard {elec, spectral, AC+5}
 12022 | D:10     | Killed a deep elf archer
 12023 | D:10     | Reached skill level 13 in Spellcasting
 12196 | D:10     | Learned a level 6 spell: Simulacrum
 12225 | D:10     | Killed a centaur warrior
 12264 | D:10     | Killed a stone giant
 12265 | D:10     | Reached skill level 1 in Necromancy
 12426 | D:10     | Killed a fire crab
 12427 | D:10     | Reached XP level 12. HP: 61/61 MP: 13/31
 13202 | D:6      | Bought a turquoise-encrusted chain mail for 285 gold pieces
 13202 | D:6      | Identified the +1 chain mail "Fah Qym" {Int+4 Slay+2} (You
                  | bought it in a shop on level 6 of the Dungeon)
 13222 | D:6      | Gained mutation: Armour fits poorly on your strangely
                  | shaped body. [potion of mutation]
 13222 | D:6      | Gained mutation: You have large cloven feet. [potion of
                  | mutation]
 13222 | D:6      | Gained mutation: You passively map a small area around you.
                  | [potion of mutation]
 13223 | D:6      | Lost mutation: Armour fits poorly on your strangely shaped
                  | body. [potion of mutation]
 13223 | D:6      | Lost mutation: You passively map a small area around you.
                  | [potion of mutation]
 13223 | D:6      | Gained mutation: You occasionally shout uncontrollably at
                  | your foes. [potion of mutation]
 13223 | D:6      | Gained mutation: Your movements are slightly less
                  | encumbered by armour. (ER -2) [potion of mutation]
 13223 | D:6      | Gained mutation: You have a pair of small horns on your
                  | head. [potion of mutation]
 13364 | D:10     | Killed a centaur warrior
 13450 | D:11     | Noticed a two-headed ogre
 13459 | D:11     | Killed a two-headed ogre
 13532 | D:11     | Reached **** piety under Sif Muna
 13821 | D:11     | Learned a level 5 spell: Fireball
 14095 | D:11     | Noticed a boulder beetle
 14108 | D:11     | Killed a boulder beetle
 14109 | D:11     | Reached skill level 14 in Spellcasting
 14109 | D:11     | Reached skill level 1 in Invocations
 14219 | D:11     | Found a runed translucent gate.
 14219 | D:11     | Found a runed translucent gate.
 14219 | D:11     | Found a runed translucent gate.
 14222 | D:11     | Noticed fly's ghost (journeyman DgDe)
 14225 | D:11     | Found a viscous altar of Jiyva.
 14249 | D:11     | Reached skill level 5 in Summonings
 14251 | D:11     | Killed fly's ghost
 14714 | Lair:1   | Entered Level 1 of the Lair of Beasts
 15219 | Lair:1   | Found a frozen archway.
 15237 | IceCv    | Entered an ice cave
 15624 | IceCv    | Reached skill level 5 in Necromancy
 15660 | IceCv    | Reached ***** piety under Sif Muna
 15773 | IceCv    | Reached XP level 13. HP: 65/65 MP: 18/33
 16797 | Lair:1   | Received a gift from Sif Muna
 16802 | Lair:1   | Got Sif Muna's Vademecum on the Undead and Cold {god gift}
 17154 | Lair:2   | Lost mutation: You have large cloven feet. [potion of
                  | mutation]
 17154 | Lair:2   | Lost mutation: Your movements are slightly less encumbered
                  | by armour. (ER -2) [potion of mutation]
 17154 | Lair:2   | Lost mutation: You have a pair of small horns on your head.
                  | [potion of mutation]
 17154 | Lair:2   | Gained mutation: Your system is resistant to poisons.
                  | (rPois) [potion of mutation]
 17154 | Lair:2   | Gained mutation: You are partially covered in iridescent
                  | scales. (AC +2) [potion of mutation]
 17154 | Lair:2   | Gained mutation: You expend magic power (3 MP) to
                  | strengthen your wands. [potion of mutation]
 17642 | Lair:2   | Reached skill level 15 in Spellcasting
 17648 | Lair:2   | Noticed Amaemon
 17663 | Lair:2   | Killed Amaemon
 18030 | Lair:2   | Found a staircase to the Shoals.
 18112 | Lair:2   | Reached skill level 1 in Polearms
 18744 | Lair:3   | Noticed Nessos
 18753 | Lair:3   | Killed Nessos
 18970 | Lair:3   | Noticed Rupert
 18985 | Lair:3   | Slain by Rupert

Illustrated notes

Levels and vault maps discovered:
D:1:      nicolae_arrival_somewhat_less_tricky_arrival, layout_rooms,
          hellmonk_ecumenical_altar_inner_sanctum, minmay_pentomino_z2
D:2:      layout_loops_ring, serial_forest, infiniplex_forest_clump_curved,
          infiniplex_forest_clump_diagonal, infiniplex_forest_clump_C,
          infiniplex_forest_end_double, infiniplex_forest_zigzag_1
D:3:      layout_rooms, amcnicky_mini_rare_corridor_liquid,
          nicolae_concentric_dashed_squares_wild, nicolae_underground_beach
D:4:      layout_basic, nicolae_wu_jian_glorious_leap,
          hellmonk_ghost_happy_afterlife, minmay_manual_mullet
D:5:      layout_rooms, st_stairs_8
D:6:      layout_basic, serial_corexii_hall, chequers_hall_statues_wall_a,
          corexii_hall_statues_i, serial_shops, nicolae_lakefront_shop,
          nicolae_diamond_shop, kennysheep_mini_moat, nicolae_shop_statue_plus,
          nicolae_diamond_shop, minivault_11
D:7:      layout_gridville, minmay_temple_entry_proselytizer, enter_ossuary_4
D:8:      layout_loops_ring, serial_shops, shop, chequers_serial_rivers_room_b,
          minmay_tree_intersection, pf_guarded_unrand_meek
D:9:      minmay_the_grid_octo_triangle [minmay_the_grid_octo_toaster,
          minmay_the_grid_octo_prize_big_c, minmay_the_grid_octo_horde],
          layout_cave_pools, minitemple, minmay_fractal_squares_gapless_5,
          uniq_pikel, uniq_grum
D:10:     minmay_gate_of_8, layout_loops_ring, lair_entry_dummy
D:11:     layout_loops_ring, gammafunk_ghost_ooze
D:12:     layout_stronghold, orc_0_dummy, uniq_urug, uniq_azrael, uniq_frances
Temple:   eino_temple_lava
Lair:1:   layout_chaotic_city, portal_ice_cave_entry_ice_simulacra
Lair:2:   beast_lair_carwin_large_3, layout_cave_pods,
          minmay_shoals_entry_centaurs, uniq_amaemon
Lair:3:   beast_lair_carwin_large_1, layout_loops_ring,
          nicolae_snake_entry_squirm, nicolae_lair_liquid_snakes, uniq_rupert,
          uniq_nessos

Skill      XL: |  1  2  3  4  5  6  7  8  9 10 11 12 13 |
---------------+----------------------------------------+-----
Fire Magic     | 4 5 6 8 9 11 12 | 12.2
Spellcasting   | 5 6 7 9 10 12 13 14 15 | 15.2
Stealth        | 3 4 |  4.8
Conjurations   | 2 3 4 6 7 8 |  8.3
Dodging        | 3 4 5 7 8 |  8.4
Short Blades   | 1 2 |  2.0
Summonings     | 1 2 3 5 6 |  6.9
Ice Magic      | 1 4 5 6 |  6.8
Translocations | 2 4 6 8 |  8.7
Hexes          | 1 2 3 |  3.0
Fighting       | 1 |  1.4
Armour         | 1 |  1.3
Necromancy     | 1 5 6 |  6.6
Invocations    | 2 4 |  4.2
Polearms       | 1 |  1.0
Axes           | |  0.3
Air Magic      | |  0.9
Poison Magic   | |  0.7

Action                     |  1- 3 |  4- 6 |  7- 9 | 10-12 | 13-15 || total
---------------------------+-------+-------+-------+-------+-------++-------
  Melee: Dagger            |     6 |     1 |       |       |       ||     7
         Rapier            |       |    39 |    16 |       |       ||    55
         Hand axe          |       |       |    23 |    10 |       ||    33
         Punch             |       |       |     1 |       |       ||     1
         Quarterstaff      |       |       |       |     5 |       ||     5
         Glaive            |       |       |       |    18 |    17 ||    35
         Kick              |       |       |       |     9 |       ||     9
         Headbutt          |       |       |       |     3 |       ||     3
   Cast: Foxfire           |    48 |    37 |   158 |   210 |    95 ||   548
         Scorch            |       |    15 |    67 |   136 |    58 ||   276
         Flame Wave        |       |     1 |    12 |    35 |    16 ||    64
         Inner Flame       |       |       |     8 |    24 |     2 ||    34
         Call Canine Famil |       |       |     1 |    13 |     2 ||    16
         Blink             |       |       |     1 |    10 |       ||    11
         Hailstorm         |       |       |       |    13 |     1 ||    14
         Mephitic Cloud    |       |       |       |    14 |     2 ||    16
         Fireball          |       |       |       |    11 |    18 ||    29
         Simulacrum        |       |       |       |       |     1 ||     1
 Invoke: Channel Magic     |       |       |       |     1 |     2 ||     3
  Evoke: Wand              |       |       |       |     1 |       ||     1
         Phial of floods   |       |       |       |       |     1 ||     1
    Use: Potion            |     1 |     2 |     1 |     5 |     1 ||    10
         Scroll            |       |       |    15 |     7 |       ||    22
   Stab: Sleeping          |       |     6 |     2 |     1 |       ||     9
         Distracted        |       |     1 |       |       |     1 ||     2
 Armour: Robe              |     2 |     7 |     4 |     2 |    20 ||    35
         Leather armour    |       |       |       |    30 |     2 ||    32
  Dodge: Dodged            |    10 |    47 |    67 |   155 |    75 ||   354

Table legend: (Time is in decaauts)
 A = Elapsed time spent in this place.
 B = Non-inter-level travel time spent in this place.
 C = Inter-level travel time spent in this place.
 D = Time resting spent in this place.
 E = Time spent auto-exploring this place.
 F = Levels seen in this place.
 G = Mean time per level.
                   A        B        C        D        E       F      G
               +--------+--------+--------+--------+--------+-----+--------+
         Total |  19105 |  18508 |    597 |    571 |  13635 |  18 | 1061.4 |
       Dungeon |  14167 |  13608 |    559 |    412 |  10218 |  12 | 1180.6 |
        Temple |     16 |     16 |      0 |      0 |      0 |   1 |   16.0 |
          Lair |   2888 |   2850 |     38 |      6 |   2090 |   3 |  962.7 |
       Ossuary |    586 |    586 |      0 |    153 |    269 |   1 |  586.0 |
      Ice Cave |   1444 |   1444 |      0 |      0 |   1057 |   1 | 1444.0 |
               +--------+--------+--------+--------+--------+-----+--------+

Top non-repeatable levels by time:
     D:9: 2800 daAuts
  Lair:2: 1752 daAuts
    D:10: 1723 daAuts
     D:4: 1452 daAuts
   IceCv: 1444 daAuts
     D:7: 1395 daAuts
    D:11: 1257 daAuts
     D:8: 1218 daAuts
     D:6: 1144 daAuts
  Lair:1: 1003 daAuts
     D:2: 928 daAuts
     D:1: 847 daAuts
     D:5: 739 daAuts
     D:3: 658 daAuts
 Ossuary: 586 daAuts
